2826 views
Uploaded 2020-03-13 18:28:26
Game version 1.32.2
8:39 long 3on3 ladder game on (6)GnollWood
Saved by iggythefisk
2826 views
Uploaded 2020-03-13 18:28:26
Game version 1.32.2
8:39 long 3on3 ladder game on (6)GnollWood


62 units @ 4.7k
/ 0k
85 buildings @ 6.2k
/ 2.8k

| Healing Salve | 2 | 200 |
| Lesser Clarity Potion | 2 | 140 |
| Staff of Teleportation | 1 | 150 |
| total: | 5 | 490g |
| Peon | 14 | 1050 | / | 0 |
| total: | 14 | 1050g | / | 0w |
| Watch Tower | 14 | 1540 | / | 1120 |
| Altar of Storms | 1 | 180 | / | 50 |
| Orc Burrow | 4 | 640 | / | 160 |
| Voodoo Lounge | 1 | 130 | / | 30 |
| War Mill | 1 | 205 | / | 0 |
| Stronghold | 1 | 315 | / | 190 |
| total: | 21 | 2695g | / | 1360w |
| 0:00 | Peon |
| 0:03 | Altar of Storms |
| 0:08 | Orc Burrow |
| 0:10 | Orc Burrow |
| 0:11 | Peon |
| 0:16 | Peon |
| 0:31 | Peon |
| 0:55 | Orc Burrow |
| 0:59 | Peon |
| 1:22 | Voodoo Lounge |
| 1:24 | Peon |
| 1:32 | Peon |
| 1:43 | War Mill |
| 1:56 | Peon |
| 2:06 | Wind Walk |
| 2:12 | Peon |
| 2:45 | Peon |
| 3:12 | Watch Tower |
| 3:30 | Peon |
| 3:33 | Orc Burrow |
| 3:35 | Healing Salve |
| 3:35 | Lesser Clarity Potion |
| 3:39 | Watch Tower |
| 3:59 | Watch Tower |
| 4:00 | Watch Tower |
| 4:40 | Peon |
| 4:40 | Peon |
| 4:44 | Watch Tower |
| 4:47 | Watch Tower |
| 4:50 | Watch Tower |
| 5:29 | Watch Tower |
| 5:30 | Watch Tower |
| 5:39 | Watch Tower |
| 6:20 | Peon |
| 6:21 | Stronghold |
| 6:27 | Watch Tower |
| 6:32 | Staff of Teleportation |
| 7:10 | Healing Salve |
| 7:11 | Lesser Clarity Potion |
| 7:22 | Watch Tower |
| 7:23 | Watch Tower |
| 7:40 | Critical Strike |
| 8:19 | Watch Tower |
| Right click | 807 |
| Select | 255 |
| Build/train/purchase | 40 |
| Assign group | 37 |
| Select group | 27 |
| Use ability | 21 |
| Minimap ping | 2 |
| Misc. action | 1 |
| Remove unit | 1 |

| Lesser Clarity Potion | 1 | 70 |
| Healing Salve | 1 | 100 |
| total: | 2 | 170g |
| Peasant | 27 | 2025 | / | 0 |
| total: | 27 | 2025g | / | 0w |
| Scout Tower | 23 | 690 | / | 460 |
| Arcane Tower | 3 | 210 | / | 150 |
| Guard Tower | 6 | 420 | / | 300 |
| Altar of Kings | 1 | 180 | / | 50 |
| Lumber Mill | 4 | 480 | / | 0 |
| Farm | 4 | 320 | / | 80 |
| Barracks | 1 | 160 | / | 60 |
| Keep | 1 | 320 | / | 210 |
| total: | 33 | 1830g | / | 650w |
| 0:02 | Peasant |
| 0:04 | Altar of Kings |
| 0:08 | Peasant |
| 0:18 | Lumber Mill |
| 0:19 | Peasant |
| 0:29 | Farm |
| 0:31 | Peasant |
| 0:43 | Peasant |
| 0:53 | Farm |
| 0:55 | Farm |
| 1:03 | Peasant |
| 1:18 | Peasant |
| 1:20 | Improved Masonry |
| 1:29 | Peasant |
| 1:44 | Peasant |
| 1:57 | Peasant |
| 2:01 | Farm |
| 2:09 | Summon Water Elemental |
| 2:11 | Peasant |
| 2:23 | Peasant |
| 2:32 | Peasant |
| 2:45 | Peasant |
| 2:53 | Scout Tower |
| 2:55 | Scout Tower |
| 3:02 | Scout Tower |
| 3:03 | Peasant |
| 3:10 | Peasant |
| 3:14 | Scout Tower |
| 3:16 | Peasant |
| 3:23 | Arcane Tower |
| 3:27 | Peasant |
| 3:32 | Scout Tower |
| 3:46 | Peasant |
| 4:06 | Arcane Tower |
| 4:11 | Scout Tower |
| 4:20 | Scout Tower |
| 4:22 | Scout Tower |
| 4:28 | Peasant |
| 4:33 | Scout Tower |
| 4:34 | Scout Tower |
| 4:38 | Arcane Tower |
| 4:39 | Scout Tower |
| 4:40 | Peasant |
| 4:45 | Barracks |
| 4:59 | Peasant |
| 5:02 | Guard Tower |
| 5:04 | Lumber Mill |
| 5:05 | Lumber Mill |
| 5:06 | Guard Tower |
| 5:22 | Peasant |
| 5:33 | Lumber Mill |
| 5:38 | Peasant |
| 5:39 | Guard Tower |
| 5:40 | Scout Tower |
| 5:49 | Peasant |
| 5:57 | Scout Tower |
| 6:07 | Scout Tower |
| 6:20 | Guard Tower |
| 6:21 | Scout Tower |
| 6:22 | Scout Tower |
| 6:32 | Scout Tower |
| 6:41 | Guard Tower |
| 6:43 | Peasant |
| 6:48 | Guard Tower |
| 7:01 | Peasant |
| 7:16 | Healing Salve |
| 7:16 | Lesser Clarity Potion |
| 7:22 | Keep |
| 7:47 | Scout Tower |
| 8:07 | Scout Tower |
| 8:11 | Scout Tower |
| 8:15 | Scout Tower |
| 8:17 | Scout Tower |
| 8:18 | Scout Tower |
| Right click | 463 |
| Assign group | 418 |
| Select | 214 |
| Select group | 162 |
| Build/train/purchase | 71 |
| Chat | 11 |
| Misc. action | 3 |
| Use ability | 2 |
| Remove unit | 1 |

| Staff of Teleportation | 1 | 150 |
| Boots of Speed | 1 | 250 |
| total: | 2 | 400g |
| Peasant | 21 | 1575 | / | 0 |
| total: | 21 | 1575g | / | 0w |
| Scout Tower | 22 | 660 | / | 440 |
| Guard Tower | 10 | 700 | / | 500 |
| Arcane Tower | 1 | 70 | / | 50 |
| Altar of Kings | 1 | 180 | / | 50 |
| Farm | 5 | 400 | / | 100 |
| Lumber Mill | 1 | 120 | / | 0 |
| Arcane Vault | 1 | 130 | / | 30 |
| Arcane Sanctum | 1 | 150 | / | 140 |
| Keep | 1 | 320 | / | 210 |
| Castle | 1 | 360 | / | 210 |
| total: | 31 | 1640g | / | 760w |
| 0:04 | Peasant |
| 0:04 | Peasant |
| 0:07 | Altar of Kings |
| 0:10 | Farm |
| 0:17 | Peasant |
| 0:22 | Peasant |
| 0:33 | Lumber Mill |
| 0:50 | Peasant |
| 0:57 | Farm |
| 1:14 | Peasant |
| 1:16 | Peasant |
| 1:22 | Peasant |
| 1:41 | Scout Tower |
| 1:43 | Scout Tower |
| 1:46 | Peasant |
| 1:47 | Peasant |
| 2:00 | Peasant |
| 2:11 | Summon Water Elemental |
| 2:22 | Scout Tower |
| 2:29 | Peasant |
| 2:40 | Peasant |
| 2:57 | Scout Tower |
| 3:00 | Scout Tower |
| 3:02 | Improved Masonry |
| 3:03 | Peasant |
| 3:05 | Scout Tower |
| 3:06 | Scout Tower |
| 3:08 | Scout Tower |
| 3:13 | Guard Tower |
| 3:18 | Scout Tower |
| 3:22 | Peasant |
| 3:25 | Guard Tower |
| 3:47 | Peasant |
| 3:47 | Peasant |
| 3:48 | Guard Tower |
| 3:48 | Arcane Tower |
| 3:52 | Guard Tower |
| 4:16 | Peasant |
| 4:17 | Peasant |
| 4:24 | Peasant |
| 4:30 | Scout Tower |
| 4:31 | Scout Tower |
| 4:43 | Staff of Teleportation |
| 4:44 | Boots of Speed |
| 4:59 | Peasant |
| 5:04 | Guard Tower |
| 5:25 | Scout Tower |
| 5:25 | Scout Tower |
| 5:31 | Scout Tower |
| 5:51 | Scout Tower |
| 5:52 | Scout Tower |
| 5:53 | Guard Tower |
| 6:00 | Keep |
| 6:02 | Farm |
| 6:05 | Scout Tower |
| 6:14 | Guard Tower |
| 6:20 | Guard Tower |
| 6:21 | Scout Tower |
| 6:28 | Guard Tower |
| 6:45 | Brilliance Aura |
| 7:04 | Guard Tower |
| 7:07 | Farm |
| 7:25 | Farm |
| 7:50 | Arcane Vault |
| 8:01 | Scout Tower |
| 8:02 | Scout Tower |
| 8:16 | Scout Tower |
| 8:18 | Scout Tower |
| 8:23 | Castle |
| 8:25 | Arcane Sanctum |
| 8:27 | Advanced Masonry |
| Right click | 411 |
| Select | 150 |
| Select group | 140 |
| Build/train/purchase | 68 |
| Chat | 37 |
| Esc | 13 |
| Misc. action | 11 |
| Assign group | 4 |
| Use ability | 4 |
| Minimap ping | 2 |
| Item give/drop | 1 |
/ 0k
26 buildings @ 3.7k
/ 1k

| Peasant | 3 | 225 | / | 0 |
| Footman | 17 | 2295 | / | 0 |
| total: | 20 | 2520g | / | 0w |
| Altar of Kings | 1 | 180 | / | 50 |
| Farm | 5 | 400 | / | 100 |
| Barracks | 1 | 160 | / | 60 |
| Lumber Mill | 1 | 120 | / | 0 |
| total: | 8 | 860g | / | 210w |
| 0:02 | Peasant |
| 0:02 | Peasant |
| 0:07 | Altar of Kings |
| 0:11 | Farm |
| 0:19 | Barracks |
| 0:23 | Peasant |
| 0:49 | Farm |
| 1:04 | Farm |
| 1:21 | Footman |
| 1:21 | Footman |
| 1:44 | Farm |
| 1:47 | Farm |
| 1:50 | Footman |
| 2:42 | Footman |
| 2:42 | Footman |
| 2:42 | Footman |
| 2:45 | Storm Bolt |
| 3:16 | Footman |
| 4:17 | Footman |
| 4:17 | Footman |
| 4:17 | Footman |
| 4:17 | Footman |
| 4:24 | Bash |
| 4:35 | Footman |
| 5:41 | Footman |
| 5:41 | Footman |
| 5:41 | Footman |
| 6:30 | Lumber Mill |
| 7:56 | Footman |
| 7:56 | Footman |
| Select group | 600 |
| Right click | 520 |
| Select | 160 |
| Build/train/purchase | 25 |
| Misc. action | 24 |
| Assign group | 13 |
| Use ability | 4 |
| Chat | 4 |

| Peon | 8 | 600 | / | 0 |
| Grunt | 4 | 800 | / | 0 |
| total: | 12 | 1400g | / | 0w |
| Orc Burrow | 3 | 480 | / | 120 |
| Altar of Storms | 1 | 180 | / | 50 |
| Barracks | 1 | 180 | / | 50 |
| Voodoo Lounge | 1 | 130 | / | 30 |
| War Mill | 1 | 205 | / | 0 |
| Stronghold | 1 | 315 | / | 190 |
| total: | 7 | 1175g | / | 250w |
| 0:02 | Peon |
| 0:02 | Peon |
| 0:02 | Peon |
| 0:02 | Peon |
| 0:10 | Orc Burrow |
| 0:20 | Altar of Storms |
| 0:33 | Barracks |
| 0:40 | Peon |
| 1:02 | Peon |
| 1:02 | Peon |
| 1:08 | Peon |
| 1:37 | Orc Burrow |
| 1:51 | Grunt |
| 2:18 | Serpent Ward |
| 2:34 | Grunt |
| 2:34 | Grunt |
| 3:25 | Voodoo Lounge |
| 3:27 | Grunt |
| 4:14 | Orc Burrow |
| 4:45 | Stronghold |
| 5:49 | War Mill |
| Right click | 435 |
| Select group | 193 |
| Select | 144 |
| Build/train/purchase | 17 |
| Assign group | 14 |
| Use ability | 14 |
| Misc. action | 2 |
| Remove unit | 1 |

| Peon | 8 | 600 | / | 0 |
| Grunt | 5 | 1000 | / | 0 |
| Troll Headhunter | 2 | 280 | / | 40 |
| total: | 15 | 1880g | / | 40w |
| Watch Tower | 4 | 440 | / | 320 |
| Altar of Storms | 1 | 180 | / | 50 |
| Orc Burrow | 3 | 480 | / | 120 |
| Barracks | 1 | 180 | / | 50 |
| War Mill | 2 | 410 | / | 0 |
| Stronghold | 1 | 315 | / | 190 |
| total: | 11 | 1690g | / | 540w |
| 0:01 | Peon |
| 0:02 | Peon |
| 0:12 | Altar of Storms |
| 0:14 | Orc Burrow |
| 0:25 | Barracks |
| 0:35 | Peon |
| 0:49 | Peon |
| 0:55 | Peon |
| 1:18 | Peon |
| 1:29 | Grunt |
| 1:38 | Orc Burrow |
| 2:08 | War Mill |
| 2:11 | War Mill |
| 2:15 | Serpent Ward |
| 2:29 | Grunt |
| 2:30 | Pillage |
| 3:41 | Grunt |
| 3:51 | Peon |
| 3:54 | Peon |
| 4:20 | Grunt |
| 4:37 | Orc Burrow |
| 5:08 | Watch Tower |
| 5:11 | Steel Armor |
| 5:34 | Healing Wave |
| 5:55 | Watch Tower |
| 5:55 | Watch Tower |
| 5:58 | Grunt |
| 6:52 | Troll Headhunter |
| 6:54 | Stronghold |
| 6:59 | Watch Tower |
| 7:08 | Troll Headhunter |
| 7:50 | Serpent Ward |
| Right click | 258 |
| Select | 114 |
| Select group | 85 |
| Build/train/purchase | 29 |
| Use ability | 15 |
| Assign group | 13 |
| Misc. action | 8 |
| Minimap ping | 1 |
⇛